 Dungeon Crawl Stone Soup version 0.31-a0-986-g5e6e4ef867 (webtiles) character file.

Game seed: 14089310691162153958

10172 Rebeltree the Gouger (level 11, -8/46 HPs)
             Began as a Felid Berserker on Nov 8, 2023.
             Was an Elder of Trog.
             Mangled by a two-headed ogre
             ... wielding a +0 giant club
              (9 damage)
             ... on level 2 of the Orcish Mines on Nov 14, 2023.
             The game lasted 01:14:45 (12262 turns).

Rebeltree the Gouger (Felid Berserker)             Turns: 12262, Time: 01:14:47

Health: -8/46      AC:  2    Str: 19    XL:     11   Next: 32%
Magic:  12/12      EV: 32    Int:  9    God:    Trog [****..]
Gold:   712        SH:  0    Dex: 20    Spells: 10/10 levels left
                                        Lives:  0   Deaths: 4

rFire   . .          .
                       - Unarmed
rCold   . . .        (shield unavailable)
rNeg    . . .        (body armour unavailable)
rPois   .            (helmet unavailable)
rElec   .            (cloak unavailable)
rCorr   .            (gloves unavailable)
SInv    +            (boots unavailable)
Will    +....        y - amulet of faith
Stlth   +++++        x - +5 ring of evasion
HPRegen 0.27/turn    w - +6 ring of strength
MPRegen 0.13/turn

%: faith
@: quick
A: very small, claws 1, fangs 3, see invisible, speed 1, shaggy fur 2, stealthy
paws, no weapons or thrown items, no armour, multi-lived
a: Renounce Religion, Berserk, Trog's Hand, Brothers in Arms


You were on level 2 of the Orcish Mines.
You worshipped Trog.
Trog was greatly pleased with you.
You visited 3 branches of the dungeon, and saw 12 of its levels.

You collected 712 gold pieces.

Inventory:

Jewellery
 h - a +4 ring of protection
 m - a +6 ring of intelligence
 u - a ring of ice
 w - a +6 ring of strength (right paw)
 x - a +5 ring of evasion (left paw)
 y - an amulet of faith (around neck)
 D - a ring of ice
Talismans
 c - a serpent talisman
Wands
 i - a wand of quicksilver (4)
 r - a wand of flame (7) (quivered)
 C - a wand of digging (1)
Scrolls
 b - 2 scrolls of fog
 d - 2 scrolls of vulnerability
 e - 2 scrolls of revelation
 g - 2 scrolls of enchant weapon
 l - a scroll of amnesia
 n - 3 scrolls of teleportation
 s - a scroll of blinking
 A - a scroll of silence
 B - a scroll of enchant armour {unknown}
 E - a scroll of torment {unknown}
Potions
 a - 2 potions of heal wounds
 f - a potion of mutation {unknown}
 k - 2 potions of attraction
 o - 2 potions of berserk rage
 p - a potion of might {unknown}
 q - 2 potions of haste
 t - a potion of enlightenment {unknown}
 v - 3 potions of magic
 z - a potion of resistance {unknown}


   Skills:
 + Level 4.6 Fighting
 + Level 11.9 Dodging
 + Level 9.8 Stealth
 + Level 13.8 Unarmed Combat
 + Level 0.9 Evocations


You had 10 spell levels left.
You didn't know any spells.
Your spell library was empty.

Dungeon Overview and Level Annotations

Branches:
Dungeon (9/15)             Temple (1/1) D:4             Orc (2/2) D:9
   Lair: D:8-11         Elf: Orc:2

Altars:
Ashenzari
Dithmenos
Elyvilon
Fedhas
Gozag
Hepliaklqana
Kikubaaqudgha
Makhleb
Nemelex Xobeh
Okawaru
Qazlal
Ru
Sif Muna
Trog
Uskayaw
Vehumet
Wu Jian
Xom
Zin
The Shining One

Shops:
D:6 =!

Annotations:
D:2 Sigmund


Innate Abilities, Weirdness & Mutations

You have sharp claws.
You have razor-sharp teeth.
You have supernaturally acute eyesight. (SInv)
You cover ground quickly. (Speed+)
You are covered in thick fur. (AC +2)
Your paws help you pounce on unaware monsters.
You are incapable of wielding weapons or throwing items.
You cannot wear armour.
You gain extra lives every three experience levels.


Message History

Press: ? - help, Q - select action, (/) - cycle Shift-Dir - straight line, f - ogre mage
Aim: an ogre mage, wielding a +0 halberd and wearing a +0 robe (severely wounded, inner flame, 81% to hit)
The puff of flame misses the ogre mage.
A two-headed ogre comes into view. It is wielding two +0 giant clubs.
The two-headed ogre is engulfed in blazing flames.
Flame seeps out of the two-headed ogre.
Aiming: Throw Flame
Press: ? - help, Q - select action, (/) - cycle Shift-Dir - straight line, f/p - ogre mage
Aim: an ogre mage, wielding a +0 halberd and wearing a +0 robe (severely wounded, inner flame, 81% to hit)
The puff of flame misses the ogre mage.
An ogre comes into view. It is wielding a +0 giant club.
The ogre mage attacks as it pursues you!
The ogre mage misses you.
Aiming: Throw Flame
Press: ? - help, Q - select action, (/) - cycle Shift-Dir - straight line, f/p - ogre mage
Aim: an ogre mage, wielding a +0 halberd and wearing a +0 robe (severely wounded, inner flame, 81% to hit)
The puff of flame hits the ogre mage!
Flame seeps out of the ogre mage.
The ogre mage is severely wounded.
The ogre mage is engulfed in blazing flames.
Trog accepts your kill.
Trog appreciates your killing of a magic user.
The ogre mage explodes!
The fiery explosion engulfs the two-headed ogre!!
The two-headed ogre is heavily wounded.
The two-headed ogre is engulfed in blazing flames.
You hear a shout!
You hear two shouts!
You hear a shout!
An ogre comes into view. It is wielding a +0 giant club.
The two-headed ogre completely misses you.
The two-headed ogre barely misses you.
You scratch the two-headed ogre but do no damage.
You claw the two-headed ogre!
The two-headed ogre is almost dead.
An ogre comes into view. It is wielding a +0 giant club.
You scratch the two-headed ogre.
The two-headed ogre is almost dead.
The two-headed ogre hits you with a +0 giant club!!
Ouch! That really hurt!
* * * LOW HITPOINT WARNING * * *
The two-headed ogre hits you with a +0 giant club!
You die...

............# ...#
...........###.#.## ≈
........#...#.#...# ~≈
..........<....#.## .~≈
........[)....#...#.~~≈
....................≈≈ ≈
...))...#^...O....#. .≈≈
O...)..O...O§§.<####..~~≈
.O.)O....O.OO°§O@........
O########...§§§..........
. ##..........#....
#...............
#.....#.........
.................
..................
..#...............


You could see 2 two-headed ogres and 4 ogres.

Vanquished Creatures
  An ogre mage (Orc:2)
  2 two-headed ogres
  The ghost of dragonking145 the Basher, a journeyman GrFi of Okawaru (D:9)
  A polar bear (D:9)
  A shadow (D:9)
  A wraith (D:9)
  4 yaks (D:9)
  4 wyverns
  An unseen horror simulacrum (D:9)
  A steam dragon (D:6)
  2 wargs (Orc:1)
  5 orc warriors
  An ice beast (D:9)
  2 sky beasts
  A black bear (D:7)
  8 ogres
  5 centaurs
  2 kobold brigands
  5 scorpions
  2 bullfrogs (D:6)
  3 howler monkeys (D:9)
  An electric eel (D:9)
  2 jellies
  10 hounds
  5 gnoll boudas
  4 orc priests
  2 iguanas (D:4)
  3 sleepcaps
  7 orc wizards
  A centaur simulacrum (D:9)
  10 adders
  20 gnolls
  3 shadow imps
  5 white imps
  A howler monkey simulacrum (D:9)
  4 ufetubi
  A worm (D:3)
  5 dart slugs
  38 orcs
  7 ball pythons
  5 endoplasms
  2 giant cockroaches (D:3)
  9 goblins
  6 hobgoblins
  10 jackals
  12 kobolds
  4 quokkas (D:4)
  4 bats
  5 frilled lizards
  5 rats
244 creatures vanquished.

Vanquished Creatures (collateral kills)
  2 two-headed ogres (Orc:2)
  A troll (Orc:2)
  An orc warrior (D:9)
  2 ogres (Orc:2)
  An orc (D:9)
7 creatures vanquished.

Grand Total: 251 creatures vanquished

Notes
Turn   | Place    | Note
-------+----------+-------------------------------------------
     0 | D:1      | Rebeltree the Felid Berserker began the quest for the Orb.
     0 | D:1      | Reached XP level 1. HP: 10/10 MP: 2/2
   372 | D:1      | Reached XP level 2. HP: 14/14 MP: 3/3
  1047 | D:2      | Reached XP level 3. HP: 17/17 MP: 4/4
  1066 | D:2      | Reached ** piety under Trog
  1434 | D:2      | Noticed Sigmund
  1468 | D:3      | Reached skill level 4 in Unarmed Combat
  1515 | D:3      | Reached XP level 4. HP: 21/21 MP: 5/5
  1526 | D:3      | Found a shadowy altar of Dithmenos.
  1720 | D:3      | Found a stormy altar of Qazlal.
  1876 | D:3      | Reached skill level 5 in Dodging
  1881 | D:3      | Reached skill level 1 in Stealth
  1962 | D:3      | Found an ancient bone altar of Kikubaaqudgha.
  1968 | D:3      | Found an iron altar of Okawaru.
  1968 | D:3      | Found a hide-covered altar of Uskayaw.
  1969 | D:3      | Found a sparkling altar of Nemelex Xobeh.
  2239 | D:3      | Reached XP level 5. HP: 24/24 MP: 6/6
  2427 | D:3      | Reached skill level 5 in Unarmed Combat
  3026 | D:4      | Found a staircase to the Ecumenical Temple.
  3098 | D:4      | Gained mutation: You are covered in thick fur. (AC +2)
                  | [Felid growth]
  3098 | D:4      | Reached XP level 6. HP: 26/28 MP: 7/7
  3100 | Temple   | Entered the Ecumenical Temple
  3385 | D:4      | Reached *** piety under Trog
  3490 | D:4      | Found a hazy altar of Hepliaklqana.
  3593 | D:4      | Reached skill level 6 in Unarmed Combat
  3985 | D:5      | Entered Level 5 of the Dungeon
  4053 | D:5      | Reached XP level 7. HP: 31/31 MP: 8/8
  4328 | D:5      | Reached skill level 7 in Unarmed Combat
  4857 | D:5      | Splashed by a jelly's acid
  5296 | D:5      | Reached skill level 8 in Unarmed Combat
  5296 | D:5      | Reached XP level 8. HP: 36/36 MP: 9/9
  6375 | D:6      | Reached skill level 5 in Stealth
  6419 | D:6      | Found Zubic's Jewellery Boutique.
  6581 | D:6      | Reached skill level 9 in Unarmed Combat
  6591 | D:6      | Identified the +2 robe of the Mind {Int+4 Stlth+}
  6691 | D:6      | Found Ijas's Distillery.
  6836 | D:6      | Found a white marble altar of Elyvilon.
  7404 | D:7      | Reached XP level 9. HP: 39/39 MP: 10/10
  7479 | D:7      | Found a bloodstained altar of Trog.
  7826 | D:7      | Shot with an arrow by a centaur
  8256 | D:7      | Reached skill level 10 in Unarmed Combat
  9055 | D:8      | Reached **** piety under Trog
  9977 | D:9      | Noticed a polar bear
  9990 | D:9      | Killed a polar bear
 10059 | D:9      | Reached skill level 11 in Unarmed Combat
 10072 | D:9      | Reached XP level 10. HP: 33/43 MP: 11/11
 10099 | D:9      | HP: 2/43 [wyvern (15)]
 10146 | D:9      | Found a glowing golden altar of the Shining One.
 10513 | D:9      | Reached skill level 10 in Dodging
 10674 | D:9      | Found a runed translucent gate.
 10674 | D:9      | Found a runed translucent gate.
 10674 | D:9      | Found a runed translucent gate.
 10675 | D:9      | Noticed dragonking145's ghost (journeyman GrFi)
 10728 | D:9      | Killed dragonking145's ghost
 10729 | D:9      | Reached skill level 12 in Unarmed Combat
 11006 | D:9      | Slain by an orc warrior
 11035 | D:9      | Noticed a two-headed ogre
 11561 | D:9      | Killed a two-headed ogre
 11777 | D:9      | Found a staircase to the Orcish Mines.
 11790 | D:10     | Identified the "Caru"
 11790 | Gauntlet | Identified the of Soitut
 11790 | Lair:5   | Identified the "Munieni"
 11790 | Orc:1    | Entered Level 1 of the Orcish Mines
 11796 | Orc:1    | Noticed an orc warlord
 11801 | Orc:1    | Noticed an orc sorcerer
 11806 | Orc:1    | Killed by an exploding ogre... ignited by their inner flame
 11847 | Orc:1    | Reached skill level 13 in Unarmed Combat
 12178 | Orc:2    | Entered Level 2 of the Orcish Mines
 12220 | Orc:2    | Noticed an ogre mage
 12236 | Orc:2    | Noticed a two-headed ogre
 12237 | Orc:2    | Noticed a two-headed ogre
 12239 | Orc:2    | Noticed an ogre mage
 12239 | Orc:2    | Noticed a two-headed ogre
 12239 | Orc:2    | Killed a two-headed ogre
 12240 | Orc:2    | Reached XP level 11. HP: 46/46 MP: 12/12
 12240 | Orc:2    | Noticed a two-headed ogre
 12242 | Orc:2    | Killed a two-headed ogre
 12245 | Orc:2    | Killed a two-headed ogre
 12252 | Orc:2    | Noticed a two-headed ogre
 12259 | Orc:2    | Killed an ogre mage
 12262 | Orc:2    | HP: 1/46 [two-headed ogre/+0 giant club (29)]
 12262 | Orc:2    | Mangled by a two-headed ogre

Illustrated notes

Levels and vault maps discovered:
D:1:      ldierk_walled_garden_2, layout_loops_cross
D:2:      layout_basic, uniq_sigmund
D:3:      layout_basic, mainiacjoe_overflow_cross_hatched, marbit_many_paths,
          minitemple, minmay_misc_feat_iff, kennysheep_generic_room_12
D:4:      layout_loops_ring, mainiacjoe_overflow_tiny_flanked,
          minmay_temple_entry_waves, minmay_box_of_dots
D:5:      kb_forest_paths, layout_basic, chequers_big_river, due_unseen_surprise
D:6:      layout_rooms, mainiacjoe_overflow_six_doors_small, serial_shops,
          nicolae_shop_tiny_statue_garden, nicolae_take_the_stairs,
          grunt_decor_cap, nrook_mini_vaults
D:7:      layout_basic, bloody_trog, centaur_isle
D:8:      layout_gridville
D:9:      layout_loops_cross, mainiacjoe_overflow_catwalk, david_orc_4,
          serial_ice, serial_ice_j, serial_ice_c, serial_ice_n, serial_ice_d,
          ebering_ghost_rock_garden, minmay_puff
Temple:   eino_temple_lava
Orc:1:    layout_diamond_mine, lightli_church_of_beogh
Orc:2:    st_orc_ogre_mass, layout_caves, serial_shops, nicolae_shop_drivethru,
          shop, nicolae_shop_tiny_statue_garden, nicolae_orc_flooded_monolith

Skill      XL: |  1  2  3  4  5  6  7  8  9 10 |
---------------+-------------------------------+-----
Unarmed Combat | 4 5 6 8 9 11 13 | 13.8
Dodging        | 5 6 7 8 9 11 | 11.9
Stealth        | 1 2 3 5 8 9 |  9.8
Fighting       | 4 |  4.6
Evocations     | |  0.9

Action                     |  1- 3 |  4- 6 |  7- 9 | 10-12 || total
---------------------------+-------+-------+-------+-------++-------
  Melee: Unarmed           |    94 |   241 |   315 |   120 ||   770
         Bite              |     3 |    38 |    43 |    14 ||    98
         Punch             |     2 |     9 |    18 |    11 ||    40
 Invoke: Berserk           |     2 |     8 |    14 |     4 ||    28
         Trog's Hand       |       |     2 |     4 |     4 ||    10
         Brothers in Arms  |       |       |       |     3 ||     3
  Evoke: Wand              |       |       |     4 |     3 ||     7
    Use: Scroll            |       |       |    14 |     5 ||    19
   Stab: Sleeping          |       |     2 |     8 |     1 ||    11
         Distracted        |       |     1 |       |       ||     1
 Armour: Skin              |    33 |    46 |   112 |    47 ||   238
  Dodge: Dodged            |    99 |   234 |   366 |   187 ||   886

Table legend: (Time is in decaauts)
 A = Elapsed time spent in this place.
 B = Non-inter-level travel time spent in this place.
 C = Inter-level travel time spent in this place.
 D = Time resting spent in this place.
 E = Time spent auto-exploring this place.
 F = Levels seen in this place.
 G = Mean time per level.
                   A        B        C        D        E       F      G
               +--------+--------+--------+--------+--------+-----+--------+
         Total |  10854 |  10502 |    352 |   3221 |   1957 |  12 |  904.5 |
       Dungeon |  10363 |  10013 |    350 |   3031 |   1941 |   9 | 1151.4 |
        Temple |     68 |     68 |      0 |      0 |      0 |   1 |   68.0 |
  Orcish Mines |    422 |    420 |      2 |    190 |     16 |   2 |  211.0 |
               +--------+--------+--------+--------+--------+-----+--------+

Top non-repeatable levels by time:
     D:5: 1958 daAuts
     D:9: 1897 daAuts
     D:3: 1373 daAuts
     D:7: 1160 daAuts
     D:6: 1000 daAuts
     D:8: 952 daAuts
     D:4: 771 daAuts
     D:1: 631 daAuts
     D:2: 618 daAuts
   Orc:1: 352 daAuts
   Orc:2: 69 daAuts
  Temple: 68 daAuts
